 Dungeon Crawl Stone Soup version 0.28-a0-241-gfbb0926a3a (webtiles) character file.

Game seed: 15120999133469428918

126 Malachi the Chiller (level 4, -2/30 HPs)
             Began as a Demonspawn Ice Elementalist on Aug 24, 2021.
             Was an Initiate of Gozag.
             Slain by an orc warrior (13 damage)
             ... on level 4 of the Dungeon.
             The game lasted 00:04:34 (4607 turns).

Malachi the Chiller (Demonspawn Ice Elementalist)   Turns: 4607, Time: 00:04:36

Health: -2/30      AC:  8    Str:  8    XL:     4   Next: 84%
Magic:  0/7        EV: 12    Int: 18    God:    Gozag
Gold:   432        SH:  4    Dex: 13    Spells: 1/8 levels left

rFire   . . .      SeeInvis .   j - +4 dagger (venom)
rCold   . . .      Faith    .   (no shield)
rNeg    . . .      Spirit   .   a - +0 robe
rPois   .          Reflect  .   (no helmet)
rElec   .          Harm     .   (no cloak)
rCorr   .          Rampage  .   (no gloves)
Will    .....                   (no boots)
Stlth   ++........              (no amulet)
HPRegen 0.10/turn               (no ring)
MPRegen 0.10/turn               (no ring)

@: ice-armoured, gold aura
A: hooves 1, condensation shield
a: Renounce Religion, Potion Petition, Call Merchant, Bribe Branch


You were on level 4 of the Dungeon.
You worshipped Gozag.
Gozag was aware of your devotion.
You visited 1 branch of the dungeon, and saw 4 of its levels.

You collected 432 gold pieces.

Inventory:

Hand Weapons
 j - a +4 dagger of venom (weapon)
Armour
 a - a +0 robe (worn)
Scrolls
 h - a scroll of teleportation
Potions
 b - 2 potions of curing {unknown}
 c - 2 potions of brilliance {unknown}
 d - 2 potions of lignification {unknown}
 f - a potion of haste {unknown}
 g - a potion of cancellation {unknown}
 i - a potion of berserk rage {unknown}


   Skills:
 + Level 0.2 Fighting
 + Level 2.1 Dodging
 + Level 1.7 Stealth
 + Level 2.6 Spellcasting
 * Level 5.1 Ice Magic


You had one spell level left.
You knew the following spells:

 Your Spells              Type           Power      Damage    Failure   Level
a - Freeze                Ice            84%        1d10      1%          1
b - Frozen Ramparts       Ice            42%        1d6       6%          3
c - Ozocubu's Armour      Ice            21%        N/A       6%          3

Your spell library contained the following spells:

 Spells                   Type           Power      Damage    Failure   Level
 Slow                     Hex            2%         N/A       26%         2
 Confusing Touch          Hex            2%         N/A       45%         3
 Vampiric Draining        Necr           1%         2d6       45%         3
 Hailstorm                Conj/Ice       11%        3d5       50%         4
 Freezing Cloud           Conj/Ice/Air   4%         6-21      93%         5
 Simulacrum               Ice/Necr       5%         N/A       100%        6
 Polar Vortex             Ice            10%        N/A       100%        9


Dungeon Overview and Level Annotations

Branches:
Dungeon (4/15)
 Temple: D:4-7

Altars:
Ashenzari
Gozag
Trog

Shops:
D:3 ?


Innate Abilities, Weirdness & Mutations

You have large cloven feet.
A meltable shield of frost defends you. (SH +4)


Message History

The wall freezes the orc warrior.
The orc warrior throws a boomerang.
The boomerang barely misses you.
The wall freezes the orc.
The orc hits you with a +0 club.
Unknown command.
The wall freezes the orc warrior.
The wall freezes the orc.
You kill the orc!
Unknown command.
Casting: Frozen Ramparts (dangerous; 6% risk of failure)
Confirm with . or Enter, or press ? or * to list all spells.
A film of ice covers your body!
The wall freezes the orc warrior.
The orc warrior barely misses you.
The wall freezes the orc priest.
Unknown command.
Casting: Ozocubu's Armour (dangerous; 6% risk of failure)
Confirm with . or Enter, or press ? or * to list all spells.
Aiming: Freeze (safe; 1% risk of failure)
Press: ? - help, Shift-Dir - straight line, f - orc warrior
Aim: an orc warrior, wielding a +0 flail, wearing a +0 chain mail and quivering boomerangs (moderately wounded)
You freeze the orc warrior.
The orc warrior is heavily wounded.
The orc shouts!
The wall freezes the orc warrior.
The orc warrior barely misses you.
The wall freezes the orc priest.
The wall freezes the orc warrior.
The orc warrior hits you with a +0 flail!
The wall freezes the orc.
The wall freezes the orc priest.
The orc priest hits you with a +0 whip.
You hit the orc priest.
The orc priest is poisoned.
Your kick misses the orc priest.
The orc priest is heavily wounded.
The wall freezes the orc warrior.
The orc warrior barely misses you.
The wall freezes the orc priest.
The orc priest closely misses you.
The wall freezes the orc.
You kill the orc!
You hit the orc warrior but do no damage.
The orc warrior is poisoned.
The orc warrior is almost dead.
The frozen ramparts melt away.
The orc warrior hits you with a +0 flail!
You die...
Your body crumbles into a pile of gold.

### # ###..
.####...#
.......###
♣.......#
#.......#
(.##......$###.#..
.......<..@o$...#
..#.##...#.o.##.#
###.##.## ... .#
...##.# ##### .#
.# .#


You could see an orc warrior (very poisoned) and an orc priest (very poisoned).

Vanquished Creatures
  Robin (D:3)
  An adder (D:3)
  4 worms
  A dart slug (D:1)
  3 orcs
  6 ball pythons
  3 bats
  3 endoplasms
  13 giant cockroaches
  17 goblins
  7 hobgoblins
  3 jackals (D:1)
  6 kobolds
  A quokka (D:3)
  A frilled lizard (D:1)
  4 rats
74 creatures vanquished.

Notes
Turn   | Place    | Note
-------+----------+-------------------------------------------
     0 | D:1      | Malachi the Demonspawn Ice Elementalist began the quest for
                  | the Orb.
     0 | D:1      | Reached XP level 1. HP: 13/13 MP: 3/3
   283 | D:1      | Reached skill level 4 in Ice Magic
   283 | D:1      | Gained mutation: You have large cloven feet. [demonic
                  | ancestry]
   283 | D:1      | Reached XP level 2. HP: 17/19 MP: 3/5
  1378 | D:2      | Found a bloodstained altar of Trog.
  1653 | D:2      | Gained mutation: A meltable shield of frost defends you.
                  | (SH +4) [demonic ancestry]
  1653 | D:2      | Reached XP level 3. HP: 20/24 MP: 3/6
  1988 | D:2      | Found a faded altar of an unknown god.
  1999 | D:2      | Became a worshipper of Gozag Ym Sagoz the Greedy
  2458 | D:2      | Learned a level 3 spell: Frozen Ramparts
  3401 | D:3      | Found Raun's Magic Scroll Shop.
  3407 | D:3      | Reached XP level 4. HP: 30/30 MP: 5/7
  4185 | D:3      | Noticed Robin
  4189 | D:3      | Reached skill level 5 in Ice Magic
  4198 | D:3      | Killed Robin
  4503 | D:3      | Found a broken altar of Ashenzari.
  4592 | D:3      | Learned a level 3 spell: Ozocubu's Armour
  4595 | D:4      | Noticed an orc warrior
  4607 | D:4      | Slain by an orc warrior

Illustrated notes

Levels and vault maps discovered:
D:1:      sevenhm_arrival_forest_fort_small_3, layout_basic
D:2:      layout_rooms, basic_altar, ebering_ecumenical_altar_abandoned
D:3:      minmay_roachtagon, layout_rooms, amcnicky_altar_gilded, serial_shops,
          shop, uniq_robin
D:4:      layout_loops_ring, kennysheep_mini, serial_shops, nicolae_shop_trees,
          nicolae_shop_overcharged_wands, uniq_menkaure

Skill      XL: |  1  2  3  4 |
---------------+-------------+-----
Ice Magic      | 4 5 |  5.1
Dodging        | 2 |  2.1
Fighting       | |  0.2
Stealth        | |  1.7
Spellcasting   | |  2.6

Action                   |  1- 3 |  4- 6 || total
-------------------------+-------+-------++-------
Melee: Unarmed           |     2 |       ||     2
       Dagger            |    37 |    17 ||    54
       Kick              |     8 |     5 ||    13
 Cast: Freeze            |    57 |    14 ||    71
       Frozen Ramparts   |     5 |     7 ||    12
       Ozocubu's Armour  |       |     1 ||     1
  Use: Scroll            |     2 |     2 ||     4
 Stab: Sleeping          |     1 |       ||     1
Armor: Robe              |    10 |     6 ||    16
Dodge: Dodged            |    47 |    27 ||    74
Block: Other             |     3 |     2 ||     5

Table legend: (Time is in decaauts)
 A = Elapsed time spent in this place.
 B = Non-inter-level travel time spent in this place.
 C = Inter-level travel time spent in this place.
 D = Time resting spent in this place.
 E = Time spent auto-exploring this place.
 F = Levels seen in this place.
 G = Mean time per level.
                   A        B        C        D        E       F      G
               +--------+--------+--------+--------+--------+-----+--------+
         Total |   4606 |   4492 |    114 |   1822 |   2126 |   4 | 1151.5 |
       Dungeon |   4606 |   4492 |    114 |   1822 |   2126 |   4 | 1151.5 |
               +--------+--------+--------+--------+--------+-----+--------+

Top non-repeatable levels by time:
     D:1: 1605 daAuts
     D:3: 1511 daAuts
     D:2: 1477 daAuts
     D:4: 12 daAuts
